AoeStats
← KLOAKAN

Arabia

508273164Analyzed
1v1 RM · 11d ago on Sep 21, 2026· 39m 0s· 2 players
Game mode
Random Map
Map size
Tiny (2 player)
Population
200
Speed
Normal
Resources
Standard
Victory
Conquest
Starting age
Dark Age
Ending age
Imperial Age
RankedLock teamsTeams togetherTeam positionsShared explorationLock speedFull tech treeHidden civsTurbo modeCheats
Victory
Defeat
🇨🇿 Vikings · Czechia
1371
+16
🇦🇷 Khmer · Argentina
1378
-16
Aldeano sin Telar
4:49 Loom
7:31 Feudal Age
8:27 Horse Collar
10:57 Horse Collar
15:13 Gold Mining
15:11 Double-Bit Axe
19:00 Castle Age
18:51 Bloodlines
19:32 Forging
19:27 Scale Barding Armor
30:20 Scale Barding Armor
30:44 Bow Saw
30:50 Town Watch
32:13 Wheelbarrow
32:04 Husbandry
32:30 Heavy Plow
32:30 Fletching
34:50 Light Cavalry
36:25 Chain Barding Armor
38:06 Hand Cart
38:18 Bodkin Arrow
39:37 Iron Casting
39:46 Gold Shaft Mining
KLOAKAN
6:26 Loom
9:16 Feudal Age
9:57 Double-Bit Axe
14:42 Town Watch
16:15 Fletching
20:30 Castle Age
18:55 Padded Archer Armor
20:55 Gold Mining
20:33 Crossbowman
21:10 Bodkin Arrow
21:29 Bow Saw
24:44 Leather Archer Armor
25:16 Horse Collar
26:11 Heavy Plow
29:35 Ballistics
34:41 Imperial Age
31:34 Pikeman
33:02 Scale Mail Armor
33:04 Squires
34:06 Chain Mail Armor
35:11 Forging
35:26 Bracer
35:59 Conscription
36:13 Plate Mail Armor
36:03 Arbalester
38:44 Ring Archer Armor
38:25 Chieftains
39:41 Iron Casting
Connection lost

Rejoining the realm…

Still unreachable

The connection could not be restored.

Session expired

The server has moved on; the page needs a fresh start.